 Dungeon Crawl Stone Soup version 0.21-a0-178-g0b87683 (webtiles) character file.

2 Dfrag the Firebug (level 1, 14/15 HPs)
             Began as a Naga Fire Elementalist on Aug 10, 2017.
             Quit the game on level 1 of the Dungeon.
             The game lasted 00:00:24 (246 turns).

Dfrag the Firebug (Naga Fire Elementalist)           Turns: 246, Time: 00:00:25

Health: 14/15      AC:  1    Str: 10    XL:     1   Next: 40%
Magic:  3/3        EV: 10    Int: 15    God:
Gold:   41         SH:  0    Dex: 11    Spells: 3/4 levels left

rFire    . . .     SeeInvis +   g - -3 short sword (curse)
rCold    . . .     Gourm    .   (no shield)
rNeg     . . .     Faith    .   a - +0 robe
rPois    +         Spirit   .   (no helmet)
rElec    .         Reflect  .   (no cloak)
rCorr    .         Harm     .   (no gloves)
MR       .....                  (no barding)
Stlth    ++........             (no amulet)
HPRegen  0.05/turn              (no ring)
MPRegen  0.08/turn              (no ring)

@: short of breath, very slow
A: see invisible, deformed body, poison resistance, slowness 2, slow metabolism
1, spit poison 1, AC +0
a: Spit Poison


You were on level 1 of the Dungeon.
You were not hungry.

You visited 1 branch of the dungeon, and saw 1 of its levels.

You collected 41 gold pieces.

Inventory:

Hand Weapons
 g - a cursed -3 short sword (weapon)
Armour
 a - a +0 robe (worn)
Scrolls
 f - a scroll of fear {unknown}
Potions
 d - 2 potions of curing {unknown}
 e - a potion of might {unknown}
Books
 b - a book of Flames

   Spells                             Type                      Level
   a - Flame Tongue                   Conjuration/Fire             1
   b - Throw Flame                    Conjuration/Fire             2
   c - Conjure Flame                  Conjuration/Fire             3
   d - Inner Flame                    Hexes/Fire                   3
   e - Sticky Flame                   Conjuration/Fire             4
   f - Fireball                       Conjuration/Fire             5
Comestibles
 c - a bread ration


   Skills:
 - Level 1.5 Dodging
 - Level 3.0 Stealth
 + Level 2.0 Spellcasting
 + Level 1.2 Conjurations
 + Level 3.1 Fire Magic


You had 3 spell levels left.
You knew the following spells:

 Your Spells              Type           Power        Failure   Level  Hunger
a - Flame Tongue          Conj/Fire      #....        10%         1    #......


Dungeon Overview and Level Annotations

Branches:
Dungeon (1/15)

Altars:


Innate Abilities, Weirdness & Mutations

You cannot wear boots.
Your serpentine skin is tough. (AC +0)
You have supernaturally acute eyesight. (SInv)
Armour fits poorly on your strangely shaped body.
Your system is resistant to poisons. (rPois)
You cover ground very slowly.
You have a slow metabolism.
You can spit poison.


Message History

The goblin shouts!
The goblin throws a stone.
The stone hits you.
A hobgoblin comes into view. It is wielding a club.
You see here a stone.
Press: ? - help, Shift-Dir - straight line, f - kobold
Aim: a kobold (hasn't noticed you)
The splash of poison hits the kobold.
The kobold appears unharmed.
The kobold shouts!
You feel slightly more hungry.
The kobold throws a stone.
The stone hits you but does no damage.
Unknown command.
Casting: Flame Tongue
Confirm with . or Enter, or press ? or * to list all spells.
You can't see any susceptible monsters within range! (Use Z to cast anyway.) Unknown command.
Casting: Flame Tongue
Confirm with . or Enter, or press ? or * to list all spells.
You can't see any susceptible monsters within range! (Use Z to cast anyway.) Unknown command.
Are you sure you want to abandon this character and quit the game? (Confirm with "yes".)

#.....######....###...
#.###...##............ '
..####'....8...#####
..###g###..........# #..
..gK...............###.#
...#.........###.......#
.................#.###.#
#..#....#..#............
.......@....######.###..
##.######..........# #.#
#.#.######## #.#
#......# #.# ###.##.#
#># ########.##.# #.#
.........##.#######.#
###########.........#
###########


You could see a hobgoblin (wandering), a goblin and a kobold.

Vanquished Creatures
  A ball python (D:1)
  2 bats (D:1)
  A kobold (D:1)
4 creatures vanquished.

Notes
Turn   | Place    | Note
-------+----------+-------------------------------------------
     0 | D:1      | Dfrag the Naga Fire Elementalist began the quest for the Orb.
     0 | D:1      | Reached XP level 1. HP: 15/15 MP: 3/3
   246 | D:1      | Quit the game

Vault maps used:
D:1:      nicolae_arrival_somewhat_less_tricky_arrival

Action                   || total
-------------------------++-------
Melee: Unarmed           ||    10
       Short sword       ||     2
 Cast: Flame Tongue      ||     4
 Abil: Spit Poison       ||     4
Armor: Robe              ||     8
Dodge: Dodged            ||    12
